 Dungeon Crawl Stone Soup version 0.29.0-4-gdea44cf6ec (webtiles) character file.

Game seed: 4004392882666442796

172 qw the Chopper (level 5, 0/30 HPs)
             Began as a Tengu Warper on Aug 28, 2022.
             Succumbed to a water moccasin's poison
             ... on level 3 of the Dungeon.
             The game lasted 00:00:10 (2354 turns).

qw the Chopper (Tengu Warper)                       Turns: 2354, Time: 00:00:11

Health: 0/30       AC:  3    Str: 13    XL:     5   Next: 53%
Magic:  7/9        EV: 14    Int: 13    God:
Gold:   89         SH:  0    Dex: 14    Spells: 8/8 levels left

rFire   . . .      SeeInvis .   Y - +1 hand axe
rCold   . . .      Faith    .   (no shield)
rNeg    . . .      Spirit   +   b - +0 leather armour
rPois   .          Reflect  .   (helmet restricted)
rElec   .          Harm     .   (no cloak)
rCorr   .          Rampage  .   (no gloves)
Will    .....                   (boots unavailable)
Stlth   +.........              g - amulet of guardian spirit
HPRegen 0.10/turn               (no ring)
MPRegen 0.11/turn               (no ring)

@: lethally poisoned (0 -> -1), flying quickly and evasively, quick
A: beak, talons 3, nimble flight
a: no special abilities


You were on level 3 of the Dungeon.
You visited 1 branch of the dungeon, and saw 3 of its levels.

You collected 89 gold pieces.


Innate Abilities, Weirdness & Mutations

You have a beak for a mouth.
You have claws for feet.
Your magical nature lets you fly swiftly and evasively.


   Skills:
 - Level 2.0 Fighting
 + Level 6.1 Axes
 - Level 1.0 Throwing
 - Level 1.1 Armour
 - Level 2.1 Dodging
 - Level 2.0 Spellcasting
 - Level 2.4 Translocations


You had 8 spell levels left.
You didn't know any spells.
Your spell library contained the following spells:

 Spells                   Type           Power      Damage    Failure   Level
 Blink                    Tloc           14%        N/A       19%         2
 Gell's Gravitas          Tloc           7%         N/A       36%         3
 Lesser Beckoning         Tloc           7%         N/A       36%         3
 Teleport Other           Tloc           7%         N/A       36%         3
 Manifold Assault         Tloc           7%         N/A       98%         5

Inventory:

Hand Weapons
 l - a +0 whip
 Y - a +1 hand axe (weapon)
Missiles
 e - 3 javelins (quivered)
 j - 2 boomerangs
Armour
 b - a +0 leather armour (worn)
Jewellery
 g - an amulet of guardian spirit (around neck)
Scrolls
 h - a scroll of teleportation
Potions
 a - a potion of lignification {unknown}
 c - a potion of flight {unknown}
 d - a potion of invisibility {unknown}
 m - a potion of mutation {unknown}

Dungeon Overview and Level Annotations

Branches:
Dungeon (3/15)

Altars:

Shops:
D:2 :


Message History

You slash the water moccasin! You claw the water moccasin!
The water moccasin is heavily wounded.
The water moccasin bites you.
You are poisoned.
The water moccasin poisons you! The water moccasin barely misses you.
You slash the water moccasin! Your kick misses the water moccasin.
The water moccasin is almost dead.
You feel sick. The water moccasin closely misses you.
You hit the water moccasin. Your kick misses the water moccasin.
The water moccasin is almost dead.
You feel sick. The water moccasin barely misses you.
The water moccasin bites you.
You are lethally poisoned!
The water moccasin poisons you!
You closely miss the water moccasin. You claw the water moccasin.
You kill the water moccasin!
You hit the rat.
You kill the rat!
You feel very sick.
Your Axes skill gained 2 levels and is now at level 6!
You have reached level 5!
Your magical nature develops, letting you fly swiftly and evasively.
There is a lethal amount of poison in your body!
You feel very sick.
There is a lethal amount of poison in your body!
You feel very sick.
There is a lethal amount of poison in your body!
You feel sick.
There is a lethal amount of poison in your body!
You feel sick.
There is a lethal amount of poison in your body!
You feel sick.
There is a lethal amount of poison in your body!
You feel sick.
There is a lethal amount of poison in your body!
You feel sick.
There is a lethal amount of poison in your body!
You feel sick.
There is a lethal amount of poison in your body!
You die...

######### #.......####
#..........#
##.....##...###
###......###....######
#........# ##.........
..##.....# ##...#####
#........# #...####
###......# ##.@...#
###..### ##......#
##..###### #..##..#
#......<.# ##... ).(
#........## ..## #(
#............#(#
#.........####.#
#........## .#
#.%......#


There were no monsters in sight!

Vanquished Creatures
  A water moccasin (D:3)
  An adder (D:2)
  5 ball pythons
  6 endoplasms (D:1)
  2 giant cockroaches
  5 goblins
  6 hobgoblins
  2 jackals (D:1)
  A quokka (D:2)
  6 bats
  4 frilled lizards
  5 kobolds
  5 rats
49 creatures vanquished.

Notes
Turn   | Place    | Note
-------+----------+-------------------------------------------
     0 | D:1      | qw the Tengu Warper began the quest for the Orb.
     0 | D:1      | Reached XP level 1. HP: 12/12 MP: 4/4
     0 | D:1      | 0 ||| qw: Version: 0.1-a-89-g26bdef1
     0 | D:1      | 0 ||| qw: Game counter: 2529
     0 | D:1      | 0 ||| qw: Always use a shield: true
     0 | D:1      | 0 ||| qw: God list: Okawaru
     0 | D:1      | 0 ||| qw: Allow faded altars: false
     0 | D:1      | 0 ||| qw: Do Orc after D:15 true
     0 | D:1      | 0 ||| qw: Do second Lair branch before Depths: true
     0 | D:1      | 0 ||| qw: Lair rune preference: random
     0 | D:1      | 0 ||| qw: Plans: Normal
     0 | D:1      | 0 ||| PLANNING D:1-11
   272 | D:1      | Reached XP level 2. HP: 17/17 MP: 6/6
   296 | D:1      | Reached skill level 3 in Axes
   923 | D:1      | 923 ||| Stepping ~*~*~tactically~*~*~ (stealth).
   928 | D:1      | Reached XP level 3. HP: 16/21 MP: 7/7
  1014 | D:1      | 1014 ||| DROPPING +0 club.
  1215 | D:1      | 1215 ||| READING scroll labelled SAFEZUTWAI.
  1316 | D:1      | 1316 ||| READING scroll labelled MAREFY QUTE.
  1317 | D:1      | 1317 ||| READING scroll labelled XAPSIN FU ILI.
  1318 | D:1      | 1318 ||| READING scroll labelled QEVAOR XAHIS JAYRO.
  1322 | D:1      | 1322 ||| READING scroll labelled CACSAM XEOC.
  1323 | D:1      | 1323 ||| DROPPING scroll of blinking.
  1361 | D:2      | Reached skill level 4 in Axes
  1872 | D:2      | Found Zuopid's Vocational Training.
  1906 | D:2      | 1906 ||| Stepping ~*~*~tactically~*~*~ (stealth).
  1907 | D:2      | 1907 ||| Stepping ~*~*~tactically~*~*~ (stealth).
  1908 | D:2      | 1908 ||| Stepping ~*~*~tactically~*~*~ (stealth).
  2004 | D:2      | Reached XP level 4. HP: 26/26 MP: 8/8
  2032 | D:2      | 2032 ||| Stepping ~*~*~tactically~*~*~ (stealth).
  2238 | D:2      | 2238 ||| UPGRADING to amulet of guardian spirit.
  2243 | D:2      | 2243 ||| READING scroll labelled AFFINU KISCH.
  2244 | D:2      | 2244 ||| DRINKING 2 blue potions.
  2245 | D:2      | 2245 ||| DROPPING potion of brilliance.
  2334 | D:3      | Noticed a water moccasin
  2345 | D:3      | Killed a water moccasin
  2346 | D:3      | Reached skill level 6 in Axes
  2346 | D:3      | Gained mutation: Your magical nature lets you fly swiftly
                  | and evasively. [Tengu growth]
  2346 | D:3      | Reached XP level 5. HP: 14/30 MP: 6/9
  2348 | D:3      | HP: 6/30 [poisoned by a water moccasin]
  2352 | D:3      | HP: 2/30 [poisoned by a water moccasin]
  2354 | D:3      | Succumbed to a water moccasin's poison

Levels and vault maps discovered:
D:1:      shiori_arrival_oz, layout_loops_ring
D:2:      layout_loops_ring, nicolae_shop_vocational
D:3:      minmay_wonky_spiral, layout_rooms, glass_columns_b, uniq_terence,
          uniq_grinder

Skill      XL: |  1  2  3  4 |
---------------+-------------+-----
Axes           | 3 4 6 |  6.1
Fighting       | |  2.0
Throwing       | |  1.0
Armour         | |  1.1
Dodging        | |  2.1
Spellcasting   | |  2.0
Translocations | |  2.4

Action                   |  1- 3 |  4- 6 || total
-------------------------+-------+-------++-------
Melee: Hand axe          |    79 |    10 ||    89
       Kick              |    17 |     2 ||    19
       Peck              |    12 |     2 ||    14
Throw: Boomerang         |    32 |     2 ||    34
       Javelin           |       |     4 ||     4
  Use: Scroll            |     5 |     1 ||     6
       Potion            |       |     1 ||     1
 Stab: Sleeping          |     1 |       ||     1
Armor: Leather armour    |    15 |     2 ||    17
Dodge: Dodged            |    34 |     9 ||    43

Table legend:
 A = Non-vault XP
 B = Vault XP
 C = Vault XP percentage of total XP
 D = Non-vault monster count
 E = Vault monster count
 F = Vault count percentage of total count
                 A         B        C        D         E       F
            +---------+---------+-------+---------+---------+-------
      Total |     245 |       2 |   0.8 |      48 |       1 |   2.0
            +---------+---------+-------+---------+---------+-------
        D:1 |      40 |       2 |   4.8 |      24 |       1 |   4.0
        D:2 |      42 |       0 |   0.0 |      18 |       0 |   0.0
        D:3 |     163 |       0 |   0.0 |       6 |       0 |   0.0
            +---------+---------+-------+---------+---------+-------
